Map: Bel'Shir Vestige LE (Void)

Players

Optimus - Winner!

  • Race: Terran Terran
  • Spawn Location: 11:00

Oobios

  • Race: Zerg Zerg
  • Spawn Location: 5:00

Event: WCS Austin 2017

VOD

Have the link to the VOD?

Description

Time

  • Played on: April 28, 2017, 2:27 p.m.
  • Length: 6:02

All games in this series

Show
View Real Time Build Order
Export as new Build Order

Optimus Terran - Winner!

Build Orders:  

Get SALT Encoding   

  12  0:00  SCV  
  13  0:13  SCV  
  14  0:17  Supply Depot  
  14  0:25  SCV  
  15  0:38  SCV  
  15  0:40  Barracks  
  16  0:44  Refinery  
  16  0:50  SCV  
  17  1:03  SCV  
  18  1:15  SCV  
  19  1:27  Barracks Reactor, Orbital Command  
  19  1:40  Command Center  
  19  1:52  Supply Depot, Refinery  
  19  1:56  SCV  
  20  2:04  Reaper x2  
  20  2:08  SCV  
  23  2:15  Barracks  
  23  2:20  SCV  
  24  2:32  SCV  
  24  2:36  Reaper  
  24  2:37  Reaper  
  27  2:44  SCV  
  27  2:49  Factory  
  28  2:53  Orbital Command  
  28  2:57  SCV  
  29  3:02  Barracks Tech Lab  
  29  3:09  SCV  
  30  3:17  Marine x2  
  31  3:20  SCV  
  31  3:21  SCV  
  31  3:27  Marine, Stimpack  
  32  3:29  Supply Depot  
  32  3:32  SCV  
  32  3:33  SCV  
  35  3:35  Marine x2  
  35  3:39  Starport  
  35  3:41  Factory Reactor  
  37  3:44  SCV  
  37  3:45  Marine  
  37  3:47  SCV  
  40  3:53  Marine x2  
  41  3:56  SCV  
  41  3:58  Supply Depot  
  41  3:59  SCV  
  42  4:03  Marine  
  42  4:08  SCV  
  44  4:10  Marine x2  
  44  4:11  SCV  
  44  4:17  Barracks  
  47  4:20  SCV  
  47  4:22  Factory Reactor  
  48  4:24  Supply Depot, Medivac x2  
  48  4:29  SCV  
  53  4:32  Marine x3, SCV  
  57  4:41  SCV  
  57  4:45  SCV  
  59  4:47  Supply Depot  
  59  4:50  Marine x3  
  62  4:53  SCV  
  62  4:54  Engineering Bay  
  62  4:57  SCV  
  64  5:05  Barracks  
  64  5:06  Factory Reactor  
  64  5:07  SCV  
  64  5:08  Marine x2  
  64  5:09  SCV  
  64  5:11  Refinery, Barracks  
  64  5:12  Marine x3  
  71  5:22  SCV x2  
  71  5:25  Marine  
  78  5:46  Supply Depot  
  78  5:49  SCV x2  
  82  5:55  Barracks Reactor  
Show
View Real Time Build Order
Export as new Build Order

Oobios Zerg 

Build Orders: Hatch First 

Get SALT Encoding   

  12  0:02  Drone  
  13  0:13  Overlord  
  13  0:17  Drone  
  14  0:32  Drone x2  
  16  0:35  Drone  
  17  0:46  Drone  
  18  0:55  Hatchery  
  17  0:59  Drone  
  18  1:08  Drone  
  19  1:14  Spawning Pool  
  18  1:19  Drone, Extractor  
  18  1:30  Drone  
  19  1:39  Overlord  
  19  2:01  Queen  
  19  2:02  Zergling x2  
  19  2:03  Zergling x2  
  19  2:07  Drone  
  24  2:11  Queen  
  24  2:12  Drone  
  27  2:19  Drone  
  28  2:24  Drone  
  28  2:26  Metabolic Boost  
  29  2:32  Drone  
  29  2:34  Drone  
  31  2:46  Hatchery  
  29  2:56  Zergling x8  
  32  3:04  Zergling x2  
  33  3:07  Spine Crawler  
  32  3:19  Drone  
  31  3:20  Drone x2  
  31  3:25  Drone x3  
  35  3:35  Drone  
  35  3:36  Overlord  
  35  3:38  Overlord  
  35  3:40  Roach Warren  
  35  3:44  Drone  
  36  3:54  Queen  
  36  3:55  Drone x4  
  40  3:56  Drone x2  
  40  3:58  Drone  
  40  4:01  Drone  
  45  4:05  Drone x2  
  47  4:15  Drone x2  
  47  4:16  Drone x2  
  51  4:17  Drone x2  
  51  4:20  Extractor  
  52  4:24  Drone  
  52  4:27  Evolution Chamber  
  52  4:28  Evolution Chamber  
  52  4:31  Drone  
  52  4:32  Drone x2  
  52  4:33  Drone x2  
  52  4:37  Lair  
  54  4:48  Drone x4  
  54  4:49  Overlord  
  58  5:01  Overlord x2  
  58  5:06  Extractor  
  57  5:07  Extractor  
  57  5:09  Drone x3  
  57  5:10  Drone  
  60  5:15  Roach x2  
  60  5:16  Roach  
  60  5:19  Roach  
  60  5:21  Roach x2  
  72  5:24  Roach  
  72  5:27  Roach  
  70  5:39  Roach  
  70  5:40  Roach  
Tags
 
Add a new tag
Caveats
  • Supply blocks, unpowered buildings, or Contaminate may cause inaccurate times.
  • Supply counts are checked every 10 seconds.